[ AOE2 MATCH · #506044146 ]
UnrankedGeorgians vs Vietnamese
[ REPLAY ANALYSIS · EXTRACTED FROM THE RECORDED GAME ]
Feudal
11:12
Castle
21:44
Imperial
—
| APM avg | 47.0 |
| APM peak | 76 |
| eAPM avg | 17.2 |
| Villagers / military | 69 / 32 |
Focus
⚔️ 34.0% · 🌾 66.0%
Knight ×19 · Scout Cavalry ×7 · Spearman ×4 · Monk ×2
Feudal
12:23
Castle
25:51
Imperial
—
| APM avg | 33.4 |
| APM peak | 68 |
| eAPM avg | 20.0 |
| Villagers / military | 63 / 14 |
Focus
⚔️ 23.8% · 🌾 76.2%
Archer ×9 · Spearman ×4 · Rattan Archer ×1
Feudal
14:44
Castle
21:06
Imperial
—
| APM avg | 29.1 |
| APM peak | 61 |
| eAPM avg | 21.4 |
| Villagers / military | 52 / 0 |
Focus
⚔️ 14.0% · 🌾 86.0%
Feudal
13:56
Castle
28:34
Imperial
—
| APM avg | 24.5 |
| APM peak | 48 |
| eAPM avg | 10.5 |
| Villagers / military | 51 / 28 |
Focus
⚔️ 30.4% · 🌾 69.6%
Cavalry Archer ×14 · Scout Cavalry ×10 · Spearman ×3 · Archer ×1
Feudal
13:03
Castle
17:44
Imperial
—
| APM avg | 40.5 |
| APM peak | 80 |
| eAPM avg | 16.8 |
| Villagers / military | 79 / 30 |
Focus
⚔️ 22.8% · 🌾 77.2%
Genoese Crossbowman ×25 · Spearman ×5
Feudal
11:29
Castle
26:06
Imperial
—
| APM avg | 43.0 |
| APM peak | 115 |
| eAPM avg | 24.3 |
| Villagers / military | 45 / 39 |
Focus
⚔️ 67.0% · 🌾 33.0%
Camel Scout ×19 · Scout Cavalry ×11 · Spearman ×8 · Militia ×1
Feudal
12:52
Castle
21:50
Imperial
—
| APM avg | 42.5 |
| APM peak | 68 |
| eAPM avg | 20.1 |
| Villagers / military | 79 / 32 |
Focus
⚔️ 20.1% · 🌾 79.9%
Militia ×14 · Konnik ×9 · Spearman ×6 · Knight ×2 · Battering Ram ×1
Feudal
13:50
Castle
25:20
Imperial
—
| APM avg | 26.7 |
| APM peak | 67 |
| eAPM avg | 15.9 |
| Villagers / military | 102 / 73 |
Focus
⚔️ 33.2% · 🌾 66.8%
Skirmisher ×40 · Scout Cavalry ×23 · Camel Scout ×6 · Spearman ×4
Match map
Initial resources + every placement click. Lines = walls · curves = elevation contours. ◆ gold · ⬟ stone · ● berries · ✦ relic · ◌ wall gap
Your base· Open — unwalled flank
中国移动's base· Open — 8t gap
Falso Caballero's base· Open — unwalled flank
[GDL] RagnarokCo's base· Open — unwalled flank
LDX.Heisi's base· Open — unwalled flank
Dadagama's base· Open — 5t gap
介之谜's base· Open — unwalled flank
Codiman's base· Open — 10t gap
Smoothed initial terrain · ◌ = detected wall gap · hover for details
Inputs per minute
— 冬至 - - 中国移动
Build order — 冬至
First 150 of 161 actions detected
| 0:35 | Build | Town Center |
| 2:21 | Build | House |
| 2:39 | Queue | Villager (Male) |
| 2:39 | Queue | Villager (Male) |
| 2:40 | Queue | Villager (Male) |
| 2:40 | Queue | Villager (Male) |
| 3:54 | Build | House |
| 4:04 | Queue | Villager (Male) |
| 4:05 | Queue | Villager (Male) |
| 4:45 | Queue | Villager (Male) |
| 4:47 | Queue | Villager (Male) |
| 4:48 | Queue | Villager (Male) |
| 5:22 | Queue | Villager (Male) |
| 5:22 | Queue | Villager (Male) |
| 5:22 | Queue | Villager (Male) |
| 5:27 | Build | House |
| 5:42 | Build | House |
| 5:59 | Build | Palisade Wall |
| 6:12 | Queue | Villager (Male) |
| 6:12 | Queue | Villager (Male) |
| 6:21 | Queue | Villager (Male) |
| 6:21 | Queue | Villager (Male) |
| 6:38 | Build | Mill |
| 6:53 | Build | House |
| 7:23 | Queue | Villager (Male) |
| 7:27 | Queue | Villager (Male) |
| 7:27 | Queue | Villager (Male) |
| 7:27 | Queue | Villager (Male) |
| 7:52 | Build | House |
| 8:41 | Queue | Villager (Male) |
| 8:43 | Build | Palisade Wall |
| 8:44 | Build | Palisade Wall |
| 8:45 | Build | Palisade Wall |
| 8:46 | Build | Palisade Wall |
| 9:02 | Research | Feudal Age |
| 9:32 | Research | Loom |
| 10:09 | Build | Barracks |
| 11:12 | Age | Feudal Age |
| 11:14 | Build | Stable |
| 11:16 | Research | Double-Bit Axe |
| 11:29 | Queue | Villager (Male) |
| 11:44 | Queue | Villager (Male) |
| 11:47 | Build | House |
| 11:57 | Queue | Scout Cavalry |
| 12:01 | Build | Palisade Wall |
| 12:03 | Build | Palisade Wall |
| 12:14 | Build | House |
| 12:22 | Build | Palisade Wall |
| 12:24 | Build | Palisade Wall |
| 12:27 | Queue | Scout Cavalry |
| 12:28 | Queue | Villager (Male) |
| 12:31 | Queue | Villager (Male) |
| 12:51 | Build | Mill |
| 12:52 | Queue | Scout Cavalry |
| 13:02 | Queue | Scout Cavalry |
| 13:09 | Build | Palisade Wall |
| 13:19 | Queue | Villager (Male) |
| 13:34 | Queue | Villager (Male) |
| 13:39 | Queue | Spearman |
| 14:36 | Queue | Villager (Male) |
| 14:37 | Queue | Scout Cavalry |
| 14:48 | Queue | Villager (Male) |
| 15:04 | Queue | Villager (Male) |
| 15:12 | Build | Blacksmith |
| 15:22 | Build | House |
| 15:30 | Queue | Villager (Male) |
| 15:32 | Queue | Spearman |
| 15:53 | Queue | Villager (Male) |
| 16:31 | Queue | Villager (Male) |
| 16:48 | Build | Farm |
| 17:16 | Queue | Villager (Male) |
| 17:38 | Queue | Villager (Male) |
| 17:46 | Queue | Spearman |
| 17:47 | Queue | Spearman |
| 18:09 | Build | House |
| 18:10 | Queue | Villager (Male) |
| 18:25 | Build | House |
| 19:04 | Research | Castle Age |
| 19:10 | Build | Farm |
| 19:12 | Build | Farm |
| 20:08 | Queue | Scout Cavalry |
| 20:18 | Build | House |
| 20:21 | Build | Farm |
| 20:24 | Research | Horse Collar |
| 20:27 | Build | Farm |
| 20:29 | Build | Farm |
| 20:34 | Research | Scale Barding Armor |
| 20:54 | Build | House |
| 21:30 | Build | Stable |
| 21:44 | Age | Castle Age |
| 21:45 | Research | Light Cavalry (upgrade) |
| 21:55 | Queue | Villager (Male) |
| 22:11 | Build | Monastery |
| 22:14 | Queue | Villager (Male) |
| 22:20 | Research | Bloodlines |
| 22:54 | Queue | Scout Cavalry |
| 22:55 | Queue | Villager (Male) |
| 23:13 | Queue | Knight |
| 23:14 | Queue | Knight |
| 23:21 | Queue | Villager (Male) |
| 23:23 | Build | Farm |
| 23:25 | Build | Farm |
| 23:47 | Queue | Knight |
| 23:48 | Queue | Villager (Male) |
| 23:52 | Build | Town Center |
| 24:08 | Queue | Knight |
| 24:10 | Queue | Villager (Male) |
| 24:43 | Queue | Knight |
| 24:43 | Queue | Knight |
| 24:56 | Queue | Knight |
| 25:00 | Build | Farm |
| 25:01 | Build | Farm |
| 25:08 | Queue | Villager (Male) |
| 25:13 | Build | Farm |
| 25:16 | Queue | Villager (Male) |
| 25:33 | Queue | Monk |
| 25:35 | Queue | Knight |
| 25:35 | Queue | Knight |
| 25:39 | Build | Farm |
| 26:06 | Queue | Villager (Male) |
| 26:08 | Queue | Knight |
| 26:35 | Queue | Knight |
| 26:35 | Queue | Knight |
| 26:41 | Queue | Villager (Male) |
| 26:41 | Queue | Villager (Male) |
| 26:50 | Queue | Villager (Male) |
| 26:59 | Build | Town Center |
| 27:06 | Queue | Knight |
| 27:10 | Queue | Monk |
| 27:22 | Queue | Villager (Male) |
| 27:23 | Queue | Villager (Male) |
| 27:23 | Queue | Villager (Male) |
| 27:39 | Queue | Knight |
| 27:44 | Queue | Villager (Male) |
| 27:45 | Queue | Villager (Male) |
| 27:56 | Queue | Villager (Male) |
| 27:56 | Queue | Villager (Male) |
| 28:25 | Queue | Villager (Male) |
| 28:29 | Build | Farm |
| 28:32 | Queue | Knight |
| 28:33 | Build | Farm |
| 28:35 | Build | Farm |
| 28:43 | Queue | Villager (Male) |
| 29:25 | Queue | Villager (Male) |
| 29:26 | Queue | Villager (Male) |
| 29:26 | Queue | Villager (Male) |
| 29:48 | Queue | Knight |
| 29:48 | Queue | Knight |
| 29:48 | Queue | Villager (Male) |
| 29:49 | Queue | Villager (Male) |
Build order — 中国移动
140 actions detected in the replay
| 0:10 | Build | Town Center |
| 0:13 | Build | House |
| 0:21 | Build | House |
| 2:33 | Queue | Villager (Male) |
| 2:34 | Queue | Villager (Male) |
| 2:34 | Queue | Villager (Male) |
| 2:34 | Queue | Villager (Male) |
| 2:34 | Queue | Villager (Male) |
| 2:34 | Queue | Villager (Male) |
| 4:02 | Queue | Villager (Male) |
| 4:12 | Research | Loom |
| 4:14 | Queue | Villager (Male) |
| 4:14 | Queue | Villager (Male) |
| 4:21 | Build | Lumber Camp |
| 4:45 | Queue | Villager (Male) |
| 4:50 | Queue | Villager (Male) |
| 4:50 | Queue | Villager (Male) |
| 5:19 | Build | Lumber Camp |
| 6:00 | Queue | Villager (Male) |
| 6:12 | Queue | Villager (Male) |
| 7:00 | Build | House |
| 7:17 | Queue | Villager (Male) |
| 7:18 | Queue | Villager (Male) |
| 7:35 | Queue | Villager (Male) |
| 7:35 | Queue | Villager (Male) |
| 7:53 | Queue | Villager (Male) |
| 8:07 | Queue | Villager (Male) |
| 8:17 | Queue | Villager (Male) |
| 8:17 | Queue | Villager (Male) |
| 8:51 | Queue | Villager (Male) |
| 9:00 | Build | Mining Camp |
| 9:19 | Build | Mill |
| 9:21 | Queue | Villager (Male) |
| 9:34 | Build | House |
| 10:00 | Research | Feudal Age |
| 10:00 | Research | Feudal Age |
| 10:54 | Build | Barracks |
| 11:03 | Build | Barracks |
| 12:01 | Build | House |
| 12:23 | Age | Feudal Age |
| 12:24 | Build | Archery Range |
| 12:29 | Research | Double-Bit Axe |
| 12:30 | Research | Double-Bit Axe |
| 12:37 | Queue | Villager (Male) |
| 12:37 | Queue | Villager (Male) |
| 12:58 | Queue | Villager (Male) |
| 13:11 | Build | Palisade Gate |
| 13:13 | Build | Palisade Wall |
| 13:13 | Build | Palisade Wall |
| 13:14 | Build | Palisade Wall |
| 13:21 | Queue | Villager (Male) |
| 13:22 | Queue | Archer |
| 13:38 | Queue | Villager (Male) |
| 13:54 | Queue | Villager (Male) |
| 14:00 | Queue | Archer |
| 14:33 | Build | House |
| 14:36 | Queue | Villager (Male) |
| 14:47 | Queue | Villager (Male) |
| 14:48 | Queue | Archer |
| 14:51 | Build | House |
| 15:14 | Queue | Archer |
| 15:30 | Queue | Villager (Male) |
| 15:36 | Build | Blacksmith |
| 15:56 | Queue | Archer |
| 15:58 | Queue | Villager (Male) |
| 16:04 | Build | Farm |
| 16:19 | Queue | Villager (Male) |
| 16:35 | Build | Farm |
| 16:51 | Queue | Villager (Male) |
| 16:54 | Research | Fletching |
| 16:54 | Research | Fletching |
| 16:58 | Build | Farm |
| 17:01 | Build | Farm |
| 17:02 | Queue | Villager (Male) |
| 17:15 | Build | Farm |
| 17:33 | Build | Mill |
| 17:48 | Queue | Spearman |
| 18:06 | Queue | Villager (Male) |
| 18:07 | Queue | Spearman |
| 18:19 | Queue | Archer |
| 18:27 | Queue | Villager (Male) |
| 18:29 | Build | House |
| 18:49 | Build | Mill |
| 18:52 | Queue | Villager (Male) |
| 18:54 | Queue | Archer |
| 18:58 | Build | House |
| 19:21 | Queue | Villager (Male) |
| 19:22 | Queue | Archer |
| 19:45 | Queue | Spearman |
| 19:52 | Queue | Villager (Male) |
| 20:23 | Queue | Spearman |
| 20:29 | Queue | Villager (Male) |
| 21:16 | Queue | Villager (Male) |
| 21:51 | Queue | Villager (Male) |
| 22:21 | Queue | Villager (Male) |
| 22:40 | Build | Mill |
| 22:44 | Queue | Villager (Male) |
| 22:51 | Queue | Archer |
| 22:58 | Build | Lumber Camp |
| 23:04 | Research | Castle Age |
| 23:18 | Build | Mining Camp |
| 25:00 | Research | Horse Collar |
| 25:00 | Research | Horse Collar |
| 25:36 | Research | Gold Mining |
| 25:36 | Research | Gold Mining |
| 25:45 | Queue | Villager (Male) |
| 25:51 | Age | Castle Age |
| 26:14 | Build | Town Center |
| 26:26 | Build | Town Center |
| 26:28 | Queue | Villager (Male) |
| 26:45 | Queue | Villager (Male) |
| 26:49 | Queue | Villager (Male) |
| 27:19 | Queue | Villager (Male) |
| 28:00 | Queue | Villager (Male) |
| 28:06 | Research | Bodkin Arrow |
| 28:07 | Queue | Villager (Male) |
| 28:30 | Queue | Villager (Male) |
| 28:49 | Research | Bow Saw |
| 28:49 | Research | Bow Saw |
| 29:01 | Build | Farm |
| 29:07 | Queue | Villager (Male) |
| 29:12 | Build | Farm |
| 29:14 | Build | Farm |
| 29:17 | Build | Farm |
| 29:20 | Build | Farm |
| 29:30 | Research | Town Watch |
| 29:30 | Research | Town Watch |
| 29:33 | Build | House |
| 29:35 | Build | House |
| 30:02 | Build | Castle |
| 30:05 | Queue | Villager (Male) |
| 30:05 | Queue | Villager (Male) |
| 30:08 | Build | Farm |
| 30:27 | Queue | Villager (Male) |
| 30:28 | Queue | Villager (Male) |
| 30:55 | Queue | Villager (Male) |
| 30:55 | Queue | Villager (Male) |
| 31:11 | Queue | Rattan Archer |
| 31:18 | Queue | Villager (Male) |
| 31:33 | Build | Town Center |
Build order — Falso Caballero
95 actions detected in the replay
| 0:48 | Build | Town Center |
| 2:53 | Queue | Villager (Male) |
| 2:53 | Queue | Villager (Male) |
| 2:53 | Queue | Villager (Male) |
| 2:53 | Queue | Villager (Male) |
| 3:06 | Build | House |
| 3:13 | Build | House |
| 4:32 | Queue | Villager (Male) |
| 4:35 | Build | House |
| 5:12 | Build | Lumber Camp |
| 5:22 | Queue | Villager (Male) |
| 5:22 | Queue | Villager (Male) |
| 6:18 | Queue | Villager (Male) |
| 6:19 | Queue | Villager (Male) |
| 6:54 | Queue | Villager (Male) |
| 6:54 | Queue | Villager (Male) |
| 6:55 | Queue | Villager (Male) |
| 6:55 | Queue | Villager (Male) |
| 6:55 | Queue | Villager (Male) |
| 7:26 | Queue | Villager (Male) |
| 7:42 | Build | House |
| 8:01 | Build | House |
| 8:16 | Queue | Villager (Male) |
| 8:16 | Queue | Villager (Male) |
| 8:16 | Queue | Villager (Male) |
| 8:35 | Queue | Villager (Male) |
| 8:46 | Build | House |
| 9:00 | Build | Mill |
| 9:06 | Build | House |
| 9:39 | Queue | Villager (Male) |
| 10:28 | Queue | Villager (Male) |
| 10:29 | Queue | Villager (Male) |
| 10:31 | Queue | Villager (Male) |
| 10:34 | Build | House |
| 11:33 | Queue | Villager (Male) |
| 11:38 | Queue | Villager (Male) |
| 11:43 | Build | Mining Camp |
| 11:46 | Queue | Villager (Male) |
| 12:31 | Research | Feudal Age |
| 13:52 | Queue | Villager (Male) |
| 13:59 | Queue | Villager (Male) |
| 14:19 | Build | Mining Camp |
| 14:33 | Build | Palisade Wall |
| 14:37 | Build | House |
| 14:39 | Build | Palisade Wall |
| 14:42 | Build | Palisade Wall |
| 14:44 | Age | Feudal Age |
| 14:45 | Build | Palisade Wall |
| 14:46 | Build | Palisade Wall |
| 14:54 | Build | Palisade Wall |
| 14:56 | Build | Blacksmith |
| 15:05 | Build | Market |
| 15:09 | Queue | Villager (Male) |
| 15:21 | Queue | Villager (Male) |
| 15:37 | Build | Palisade Wall |
| 15:39 | Build | Palisade Wall |
| 15:40 | Build | Palisade Wall |
| 15:43 | Build | Palisade Wall |
| 15:44 | Build | Palisade Wall |
| 15:45 | Build | Palisade Wall |
| 16:15 | Research | Loom |
| 18:26 | Research | Castle Age |
| 21:06 | Age | Castle Age |
| 21:13 | Queue | Villager (Male) |
| 21:15 | Queue | Villager (Male) |
| 21:35 | Queue | Villager (Male) |
| 21:54 | Build | Palisade Wall |
| 21:56 | Build | Palisade Wall |
| 21:57 | Build | Palisade Wall |
| 21:59 | Build | Palisade Wall |
| 22:25 | Queue | Villager (Male) |
| 22:40 | Build | Watch Tower |
| 22:49 | Queue | Villager (Male) |
| 23:00 | Research | Double-Bit Axe |
| 23:49 | Queue | Villager (Male) |
| 23:50 | Queue | Villager (Male) |
| 23:50 | Queue | Villager (Male) |
| 23:50 | Queue | Villager (Male) |
| 24:20 | Build | Town Center |
| 24:27 | Queue | Villager (Male) |
| 24:59 | Research | Horse Collar |
| 24:59 | Research | Horse Collar |
| 26:07 | Queue | Villager (Male) |
| 26:43 | Build | Town Center |
| 28:02 | Queue | Villager (Male) |
| 28:02 | Queue | Villager (Male) |
| 28:23 | Queue | Villager (Male) |
| 28:23 | Queue | Villager (Male) |
| 28:39 | Queue | Villager (Male) |
| 29:28 | Queue | Villager (Male) |
| 29:28 | Queue | Villager (Male) |
| 29:28 | Queue | Villager (Male) |
| 30:03 | Queue | Villager (Male) |
| 30:05 | Queue | Villager (Male) |
| 30:28 | Queue | Villager (Male) |
Build order — [GDL] RagnarokCo
124 actions detected in the replay
| 0:52 | Build | Town Center |
| 3:12 | Research | Loom |
| 3:12 | Queue | Villager (Male) |
| 3:12 | Queue | Villager (Male) |
| 3:13 | Queue | Villager (Male) |
| 3:19 | Queue | Villager (Male) |
| 5:02 | Queue | Villager (Male) |
| 5:07 | Queue | Villager (Male) |
| 5:45 | Queue | Villager (Male) |
| 5:56 | Queue | Villager (Male) |
| 6:28 | Build | Lumber Camp |
| 6:53 | Queue | Villager (Male) |
| 6:54 | Queue | Villager (Male) |
| 7:10 | Queue | Villager (Male) |
| 7:43 | Queue | Villager (Male) |
| 8:04 | Queue | Villager (Male) |
| 8:05 | Queue | Villager (Male) |
| 9:13 | Queue | Villager (Male) |
| 9:31 | Build | Mill |
| 9:45 | Build | Palisade Wall |
| 10:06 | Queue | Villager (Male) |
| 10:06 | Queue | Villager (Male) |
| 10:29 | Queue | Villager (Male) |
| 11:13 | Queue | Villager (Male) |
| 11:35 | Research | Feudal Age |
| 11:58 | Queue | Villager (Male) |
| 12:20 | Build | Barracks |
| 12:46 | Queue | Villager (Male) |
| 13:03 | Build | Palisade Wall |
| 13:06 | Build | Palisade Wall |
| 13:07 | Build | Palisade Gate |
| 13:11 | Queue | Villager (Male) |
| 13:56 | Age | Feudal Age |
| 14:06 | Build | Stable |
| 14:24 | Queue | Villager (Male) |
| 14:47 | Build | Watch Tower |
| 14:50 | Queue | Villager (Male) |
| 15:01 | Build | Palisade Wall |
| 15:03 | Queue | Scout Cavalry |
| 15:03 | Queue | Scout Cavalry |
| 15:04 | Queue | Scout Cavalry |
| 15:04 | Queue | Scout Cavalry |
| 15:17 | Queue | Spearman |
| 15:23 | Queue | Villager (Male) |
| 15:49 | Queue | Villager (Male) |
| 15:57 | Queue | Scout Cavalry |
| 15:57 | Queue | Scout Cavalry |
| 16:22 | Build | Blacksmith |
| 16:31 | Build | Palisade Wall |
| 16:35 | Queue | Villager (Male) |
| 17:01 | Build | Palisade Wall |
| 17:16 | Queue | Spearman |
| 17:16 | Queue | Spearman |
| 17:26 | Queue | Scout Cavalry |
| 17:44 | Queue | Villager (Male) |
| 18:06 | Queue | Scout Cavalry |
| 18:06 | Queue | Scout Cavalry |
| 18:06 | Queue | Scout Cavalry |
| 18:12 | Build | Stable |
| 18:16 | Build | Palisade Wall |
| 18:19 | Queue | Villager (Male) |
| 18:20 | Queue | Villager (Male) |
| 18:20 | Queue | Villager (Male) |
| 18:23 | Build | Farm |
| 18:23 | Build | Farm |
| 18:24 | Build | Farm |
| 18:24 | Build | Farm |
| 18:52 | Build | Farm |
| 18:52 | Build | Farm |
| 18:53 | Build | Farm |
| 18:53 | Queue | Villager (Male) |
| 18:53 | Queue | Villager (Male) |
| 19:31 | Research | Forging |
| 19:32 | Research | Scale Barding Armor |
| 19:33 | Queue | Villager (Male) ×3 |
| 19:59 | Build | Farm |
| 20:00 | Build | Farm |
| 20:46 | Build | Mill |
| 20:56 | Build | Farm |
| 20:56 | Build | Farm |
| 20:56 | Build | Farm |
| 20:57 | Build | Farm |
| 21:00 | Build | Farm |
| 21:22 | Build | Palisade Wall |
| 21:24 | Build | Palisade Gate |
| 21:27 | Build | Farm |
| 22:07 | Queue | Villager (Male) ×5 |
| 22:09 | Build | Farm |
| 22:51 | Build | Palisade Wall |
| 23:20 | Build | Mining Camp |
| 23:23 | Queue | Villager (Male) |
| 24:12 | Queue | Villager (Male) |
| 24:13 | Queue | Villager (Male) |
| 24:59 | Queue | Villager (Male) |
| 25:04 | Build | Mining Camp |
| 25:19 | Build | Market |
| 25:29 | Queue | Villager (Male) |
| 25:49 | Research | Castle Age |
| 26:16 | Research | Double-Bit Axe |
| 26:16 | Research | Horse Collar |
| 26:18 | Research | Gold Mining |
| 26:27 | Build | Palisade Wall |
| 26:32 | Build | Palisade Gate |
| 26:40 | Build | Palisade Wall |
| 27:02 | Research | Bloodlines |
| 27:14 | Build | Archery Range |
| 27:16 | Build | Archery Range |
| 27:23 | Research | Fletching |
| 27:24 | Research | Padded Archer Armor |
| 28:09 | Queue | Villager (Male) |
| 28:10 | Queue | Villager (Male) |
| 28:33 | Research | Town Watch |
| 28:34 | Age | Castle Age |
| 28:38 | Queue | Cavalry Archer |
| 29:01 | Queue | Archer |
| 29:07 | Queue | Cavalry Archer |
| 29:13 | Queue | Cavalry Archer |
| 29:27 | Queue | Villager (Male) |
| 29:27 | Queue | Villager (Male) |
| 29:45 | Queue | Cavalry Archer ×5 |
| 29:46 | Queue | Villager (Male) |
| 30:03 | Research | Bodkin Arrow |
| 30:51 | Queue | Cavalry Archer ×3 |
| 30:51 | Queue | Cavalry Archer ×3 |
Build order — LDX.Heisi
First 150 of 161 actions detected
| 0:26 | Build | Town Center |
| 2:44 | Queue | Villager (Male) |
| 2:44 | Queue | Villager (Male) |
| 2:46 | Queue | Villager (Male) |
| 3:16 | Queue | Villager (Male) |
| 3:20 | Build | House |
| 3:23 | Research | Loom |
| 3:25 | Queue | Villager (Male) |
| 4:12 | Queue | Villager (Male) |
| 4:32 | Queue | Villager (Male) |
| 5:12 | Queue | Villager (Male) |
| 5:12 | Queue | Villager (Male) |
| 5:12 | Queue | Villager (Male) |
| 5:16 | Build | House |
| 5:33 | Build | Lumber Camp |
| 5:39 | Queue | Villager (Male) |
| 6:36 | Queue | Villager (Male) |
| 6:37 | Queue | Villager (Male) |
| 6:37 | Queue | Villager (Male) |
| 6:37 | Queue | Villager (Male) |
| 7:40 | Build | House |
| 8:16 | Build | Mill |
| 8:23 | Queue | Villager (Male) |
| 8:23 | Queue | Villager (Male) |
| 8:23 | Queue | Villager (Male) |
| 8:57 | Build | House |
| 9:13 | Queue | Villager (Male) |
| 9:42 | Build | House |
| 10:01 | Queue | Villager (Male) |
| 10:27 | Queue | Villager (Male) |
| 10:48 | Research | Feudal Age |
| 10:48 | Research | Feudal Age |
| 10:48 | Research | Feudal Age |
| 12:10 | Queue | Villager (Male) |
| 12:11 | Queue | Villager (Male) |
| 12:15 | Build | Barracks |
| 12:21 | Build | House |
| 13:03 | Age | Feudal Age |
| 13:11 | Build | Market |
| 13:20 | Build | Archery Range |
| 13:26 | Build | Blacksmith |
| 13:54 | Queue | Villager (Male) |
| 14:19 | Build | Mining Camp |
| 15:04 | Research | Castle Age |
| 15:04 | Research | Castle Age |
| 15:05 | Research | Castle Age |
| 15:11 | Research | Double-Bit Axe |
| 15:53 | Research | Horse Collar |
| 16:15 | Research | Town Watch |
| 17:29 | Research | Fletching |
| 17:36 | Queue | Villager (Male) |
| 17:37 | Queue | Villager (Male) |
| 17:44 | Age | Castle Age |
| 17:44 | Queue | Spearman |
| 17:45 | Queue | Spearman |
| 17:53 | Queue | Villager (Male) |
| 18:14 | Queue | Villager (Male) |
| 18:14 | Queue | Villager (Male) |
| 18:27 | Queue | Spearman |
| 19:23 | Build | Town Center |
| 19:42 | Queue | Villager (Male) |
| 20:25 | Queue | Villager (Male) |
| 20:25 | Queue | Villager (Male) |
| 20:49 | Research | Town Watch |
| 21:03 | Build | House |
| 21:08 | Build | Palisade Wall |
| 21:21 | Queue | Villager (Male) |
| 21:21 | Queue | Villager (Male) |
| 21:58 | Build | Palisade Gate |
| 22:04 | Queue | Villager (Male) |
| 22:04 | Queue | Villager (Male) |
| 22:04 | Queue | Villager (Male) |
| 22:10 | Build | Castle |
| 22:25 | Queue | Villager (Male) |
| 22:25 | Queue | Villager (Male) |
| 22:28 | Build | Farm |
| 22:41 | Build | Farm |
| 23:33 | Build | Farm |
| 23:35 | Queue | Villager (Male) |
| 23:42 | Queue | Villager (Male) |
| 23:45 | Build | Farm |
| 23:49 | Queue | Genoese Crossbowman |
| 23:49 | Queue | Genoese Crossbowman |
| 23:52 | Research | Bodkin Arrow |
| 24:03 | Build | Farm |
| 24:06 | Queue | Villager (Male) |
| 24:15 | Queue | Genoese Crossbowman |
| 24:19 | Queue | Villager (Male) |
| 24:19 | Queue | Villager (Male) |
| 24:30 | Build | Farm |
| 24:37 | Queue | Genoese Crossbowman |
| 24:41 | Queue | Villager (Male) |
| 24:52 | Queue | Genoese Crossbowman |
| 24:56 | Queue | Villager (Male) |
| 25:18 | Queue | Genoese Crossbowman |
| 25:20 | Queue | Genoese Crossbowman |
| 25:31 | Queue | Villager (Male) |
| 25:31 | Queue | Villager (Male) |
| 25:33 | Queue | Villager (Male) |
| 25:38 | Queue | Genoese Crossbowman |
| 25:39 | Queue | Genoese Crossbowman |
| 25:57 | Queue | Villager (Male) |
| 26:20 | Build | Town Center |
| 26:27 | Queue | Villager (Male) |
| 26:27 | Queue | Villager (Male) |
| 26:27 | Queue | Villager (Male) |
| 26:30 | Queue | Genoese Crossbowman |
| 26:31 | Queue | Genoese Crossbowman |
| 26:35 | Build | Farm |
| 26:37 | Build | House |
| 26:37 | Build | House |
| 26:51 | Queue | Villager (Male) |
| 26:51 | Queue | Villager (Male) |
| 27:33 | Queue | Genoese Crossbowman |
| 27:33 | Queue | Genoese Crossbowman |
| 27:33 | Queue | Genoese Crossbowman |
| 27:41 | Queue | Villager (Male) |
| 27:41 | Queue | Villager (Male) |
| 27:41 | Queue | Villager (Male) |
| 27:42 | Queue | Villager (Male) |
| 28:00 | Queue | Spearman |
| 28:00 | Queue | Spearman |
| 28:23 | Queue | Villager (Male) |
| 28:23 | Queue | Villager (Male) |
| 28:24 | Queue | Villager (Male) |
| 28:24 | Queue | Genoese Crossbowman |
| 28:24 | Queue | Genoese Crossbowman |
| 29:25 | Queue | Genoese Crossbowman |
| 29:26 | Queue | Genoese Crossbowman |
| 29:26 | Queue | Genoese Crossbowman |
| 29:26 | Queue | Genoese Crossbowman |
| 29:27 | Queue | Villager (Male) |
| 29:27 | Queue | Villager (Male) |
| 29:28 | Queue | Villager (Male) |
| 29:28 | Queue | Villager (Male) |
| 29:44 | Queue | Villager (Male) |
| 29:45 | Queue | Villager (Male) |
| 29:56 | Build | Farm |
| 29:56 | Build | Farm |
| 29:57 | Build | Farm |
| 29:57 | Build | Farm |
| 29:57 | Build | Farm |
| 29:57 | Build | Farm |
| 29:58 | Build | Farm |
| 30:00 | Build | Town Center |
| 30:03 | Queue | Villager (Male) |
| 30:03 | Queue | Villager (Male) |
| 31:10 | Queue | Genoese Crossbowman |
| 31:11 | Queue | Genoese Crossbowman |
| 31:11 | Queue | Genoese Crossbowman |
Build order — Dadagama
123 actions detected in the replay
| 0:14 | Build | Town Center |
| 2:02 | Build | House |
| 2:40 | Queue | Villager (Male) ×5 |
| 3:46 | Queue | Villager (Male) |
| 4:00 | Build | House |
| 5:01 | Queue | Villager (Male) |
| 5:01 | Queue | Villager (Male) |
| 5:01 | Queue | Villager (Male) |
| 5:01 | Queue | Villager (Male) |
| 5:38 | Queue | Villager (Male) |
| 5:38 | Queue | Villager (Male) |
| 5:47 | Build | House |
| 5:52 | Build | House |
| 6:03 | Build | House |
| 6:08 | Queue | Villager (Male) |
| 6:09 | Queue | Villager (Male) |
| 6:09 | Queue | Villager (Male) |
| 6:36 | Build | House |
| 6:37 | Build | House |
| 6:47 | Queue | Villager (Male) |
| 7:05 | Queue | Villager (Male) |
| 7:51 | Build | Mill |
| 8:02 | Queue | Villager (Male) |
| 8:16 | Build | Lumber Camp |
| 8:27 | Research | Loom |
| 9:10 | Research | Feudal Age |
| 10:06 | Build | Barracks |
| 10:08 | Queue | Villager (Male) |
| 10:08 | Queue | Villager (Male) |
| 10:51 | Build | Palisade Wall |
| 10:57 | Build | Palisade Wall |
| 11:13 | Build | Palisade Wall |
| 11:14 | Build | Palisade Wall |
| 11:29 | Age | Feudal Age |
| 11:30 | Build | Stable |
| 11:31 | Research | Double-Bit Axe |
| 11:59 | Build | House |
| 12:07 | Queue | Villager (Male) |
| 12:07 | Queue | Villager (Male) |
| 12:10 | Queue | Scout Cavalry ×2 |
| 12:39 | Queue | Villager (Male) |
| 12:47 | Build | Blacksmith |
| 14:29 | Queue | Villager (Male) |
| 14:30 | Queue | Villager (Male) |
| 14:57 | Queue | Militia |
| 15:18 | Build | Mill |
| 15:31 | Queue | Scout Cavalry |
| 15:31 | Queue | Scout Cavalry |
| 15:52 | Queue | Scout Cavalry |
| 15:54 | Queue | Spearman |
| 15:55 | Queue | Spearman |
| 16:01 | Build | House |
| 16:06 | Build | House |
| 16:10 | Queue | Villager (Male) |
| 16:10 | Queue | Villager (Male) |
| 16:11 | Queue | Villager (Male) |
| 16:25 | Research | Scale Barding Armor |
| 16:52 | Queue | Scout Cavalry |
| 17:19 | Queue | Villager (Male) |
| 17:20 | Queue | Villager (Male) |
| 17:28 | Build | Mining Camp |
| 17:35 | Build | Farm |
| 17:35 | Build | Farm |
| 17:35 | Build | Farm |
| 17:36 | Build | Farm |
| 17:36 | Build | Farm |
| 17:38 | Build | Farm |
| 17:38 | Build | Farm |
| 17:39 | Build | Farm |
| 17:39 | Build | Farm |
| 17:39 | Build | Farm |
| 18:13 | Queue | Villager (Male) |
| 18:13 | Queue | Villager (Male) |
| 18:15 | Queue | Scout Cavalry |
| 18:15 | Queue | Scout Cavalry |
| 18:48 | Queue | Villager (Male) |
| 18:57 | Build | House |
| 19:00 | Build | House |
| 19:53 | Queue | Spearman |
| 19:53 | Queue | Spearman |
| 19:54 | Queue | Spearman |
| 19:54 | Queue | Spearman |
| 20:34 | Queue | Scout Cavalry |
| 20:34 | Queue | Scout Cavalry |
| 20:34 | Queue | Scout Cavalry |
| 21:44 | Build | Mill |
| 21:46 | Queue | Villager (Male) |
| 21:47 | Queue | Villager (Male) |
| 21:48 | Queue | Spearman |
| 21:48 | Queue | Spearman |
| 22:07 | Queue | Villager (Male) |
| 22:08 | Queue | Villager (Male) |
| 22:17 | Build | House |
| 22:20 | Build | House |
| 23:02 | Queue | Villager (Male) |
| 23:02 | Queue | Villager (Male) |
| 23:38 | Research | Castle Age |
| 23:38 | Research | Castle Age |
| 24:07 | Research | Forging |
| 24:20 | Build | House |
| 24:34 | Research | Bloodlines |
| 24:40 | Build | Stable |
| 24:41 | Build | Stable |
| 25:02 | Research | Horse Collar |
| 26:06 | Age | Castle Age |
| 26:10 | Queue | Camel Scout ×5 |
| 26:24 | Build | House |
| 26:27 | Build | Palisade Wall |
| 26:54 | Research | Husbandry |
| 27:21 | Queue | Villager (Male) |
| 27:57 | Queue | Camel Scout ×2 |
| 28:02 | Queue | Villager (Male) |
| 28:11 | Build | Town Center |
| 28:21 | Build | Town Center |
| 28:26 | Build | Market |
| 28:58 | Queue | Camel Scout ×4 |
| 29:40 | Queue | Camel Scout ×2 |
| 29:47 | Build | Farm |
| 29:49 | Queue | Villager (Male) |
| 29:58 | Queue | Villager (Male) ×3 |
| 30:50 | Queue | Camel Scout ×3 |
| 30:50 | Queue | Camel Scout ×3 |
| 31:24 | Build | Farm |
Build order — 介之谜
First 150 of 163 actions detected
| 0:18 | Build | Town Center |
| 1:11 | Build | House |
| 2:39 | Queue | Villager (Male) ×4 |
| 2:39 | Queue | Villager (Male) ×4 |
| 2:39 | Queue | Villager (Male) ×4 |
| 3:42 | Queue | Villager (Male) |
| 3:43 | Queue | Villager (Male) |
| 3:53 | Build | Lumber Camp |
| 4:28 | Build | House |
| 4:31 | Queue | Villager (Male) |
| 4:31 | Queue | Villager (Male) |
| 4:56 | Research | Loom |
| 5:22 | Queue | Villager (Male) |
| 5:22 | Queue | Villager (Male) |
| 5:34 | Queue | Villager (Male) |
| 5:34 | Queue | Villager (Male) |
| 5:35 | Queue | Villager (Male) |
| 6:19 | Queue | Villager (Male) ×3 |
| 6:19 | Queue | Villager (Male) |
| 6:26 | Build | House |
| 6:58 | Build | House |
| 7:02 | Queue | Villager (Male) |
| 8:28 | Queue | Villager (Male) |
| 8:28 | Queue | Villager (Male) |
| 8:32 | Build | Mill |
| 8:49 | Build | House |
| 8:57 | Queue | Villager (Male) |
| 9:03 | Build | House |
| 9:20 | Queue | Villager (Male) |
| 10:04 | Queue | Villager (Male) |
| 10:42 | Research | Feudal Age |
| 10:42 | Research | Feudal Age |
| 10:42 | Research | Feudal Age |
| 10:55 | Build | Barracks |
| 11:46 | Build | Mining Camp |
| 12:00 | Build | House |
| 12:01 | Queue | Militia |
| 12:02 | Queue | Militia |
| 12:21 | Build | Palisade Wall |
| 12:25 | Build | Palisade Wall |
| 12:49 | Queue | Villager (Male) |
| 12:50 | Queue | Militia |
| 12:50 | Queue | Militia |
| 12:52 | Age | Feudal Age |
| 13:07 | Build | Palisade Wall |
| 13:12 | Queue | Villager (Male) |
| 13:24 | Queue | Militia |
| 13:24 | Queue | Militia |
| 13:37 | Queue | Villager (Male) |
| 13:45 | Build | House |
| 13:51 | Queue | Militia |
| 14:06 | Queue | Militia |
| 14:06 | Queue | Militia |
| 14:23 | Build | House |
| 14:25 | Queue | Villager (Male) |
| 14:33 | Queue | Militia |
| 14:48 | Queue | Militia |
| 15:00 | Queue | Villager (Male) |
| 15:04 | Build | Blacksmith |
| 15:09 | Queue | Villager (Male) |
| 15:14 | Queue | Militia |
| 15:33 | Queue | Militia |
| 15:35 | Queue | Villager (Male) |
| 15:35 | Queue | Villager (Male) |
| 15:53 | Queue | Villager (Male) |
| 15:56 | Research | Forging |
| 16:00 | Build | House |
| 16:05 | Queue | Villager (Male) |
| 16:31 | Build | House |
| 16:32 | Queue | Villager (Male) |
| 16:54 | Queue | Villager (Male) |
| 16:58 | Queue | Militia |
| 17:34 | Queue | Villager (Male) |
| 18:07 | Build | Stable |
| 18:16 | Queue | Spearman |
| 18:45 | Queue | Villager (Male) |
| 19:10 | Research | Castle Age |
| 19:16 | Queue | Spearman |
| 19:40 | Build | Mining Camp |
| 19:41 | Research | Double-Bit Axe |
| 20:26 | Queue | Spearman |
| 21:01 | Queue | Spearman |
| 21:02 | Queue | Spearman |
| 21:38 | Build | House |
| 21:41 | Build | Palisade Wall |
| 21:42 | Build | Palisade Wall |
| 21:44 | Queue | Villager (Male) |
| 21:50 | Age | Castle Age |
| 21:52 | Queue | Knight |
| 22:17 | Queue | Villager (Male) |
| 22:17 | Queue | Villager (Male) |
| 22:19 | Queue | Knight |
| 22:29 | Queue | Villager (Male) |
| 23:12 | Build | Town Center |
| 23:21 | Queue | Villager (Male) |
| 23:38 | Queue | Villager (Male) |
| 23:46 | Queue | Spearman |
| 24:10 | Queue | Villager (Male) |
| 24:16 | Queue | Villager (Male) |
| 24:16 | Queue | Villager (Male) |
| 24:22 | Build | Farm |
| 24:22 | Build | Farm |
| 24:22 | Build | Farm |
| 24:22 | Build | Farm |
| 24:23 | Build | Farm |
| 24:49 | Build | Market |
| 24:52 | Queue | Villager (Male) |
| 25:14 | Build | Krepost |
| 25:19 | Queue | Villager (Male) |
| 25:29 | Build | Farm |
| 25:29 | Build | Farm |
| 25:29 | Build | Farm |
| 25:33 | Queue | Villager (Male) |
| 25:50 | Queue | Villager (Male) |
| 26:03 | Queue | Villager (Male) |
| 26:03 | Queue | Villager (Male) |
| 26:19 | Research | Bloodlines |
| 26:27 | Queue | Villager (Male) |
| 26:28 | Queue | Villager (Male) |
| 26:28 | Queue | Villager (Male) |
| 26:28 | Queue | Villager (Male) |
| 26:33 | Build | Farm |
| 26:33 | Build | Farm |
| 26:43 | Build | Siege Workshop |
| 26:45 | Queue | Konnik |
| 26:45 | Queue | Konnik |
| 27:29 | Build | Krepost |
| 27:36 | Build | Krepost |
| 27:42 | Queue | Konnik |
| 27:42 | Queue | Konnik |
| 27:45 | Queue | Battering Ram |
| 27:45 | Queue | Villager (Male) |
| 27:46 | Queue | Villager (Male) |
| 27:46 | Queue | Villager (Male) |
| 28:06 | Queue | Villager (Male) |
| 28:16 | Research | Gold Mining |
| 28:22 | Build | Lumber Camp |
| 28:49 | Build | Mining Camp |
| 28:51 | Research | Wheelbarrow |
| 28:52 | Queue | Villager (Male) |
| 28:52 | Queue | Villager (Male) |
| 29:00 | Research | Scale Barding Armor |
| 29:22 | Queue | Villager (Male) |
| 29:22 | Queue | Villager (Male) |
| 29:34 | Build | Farm |
| 29:35 | Research | Horse Collar |
| 29:42 | Queue | Villager (Male) |
| 29:51 | Queue | Konnik |
| 29:51 | Queue | Konnik |
| 30:05 | Queue | Villager (Male) |
Build order — Codiman
First 150 of 260 actions detected
| 1:11 | Build | Town Center |
| 3:08 | Queue | Villager (Male) |
| 3:08 | Queue | Villager (Male) |
| 3:08 | Queue | Villager (Male) |
| 3:08 | Queue | Villager (Male) |
| 3:58 | Queue | Villager (Male) |
| 3:59 | Queue | Villager (Male) |
| 4:04 | Research | Loom |
| 4:08 | Build | House |
| 4:10 | Build | House |
| 4:14 | Queue | Villager (Male) |
| 4:14 | Queue | Villager (Male) |
| 4:15 | Queue | Villager (Male) |
| 4:34 | Queue | Villager (Male) |
| 4:34 | Queue | Villager (Male) |
| 5:08 | Queue | Villager (Male) |
| 5:09 | Queue | Villager (Male) |
| 5:37 | Queue | Villager (Male) |
| 5:38 | Queue | Villager (Male) |
| 6:19 | Queue | Villager (Male) |
| 6:20 | Queue | Villager (Male) |
| 6:20 | Queue | Villager (Male) |
| 6:26 | Build | Lumber Camp |
| 6:44 | Queue | Villager (Male) |
| 6:44 | Queue | Villager (Male) |
| 6:52 | Queue | Villager (Male) |
| 6:52 | Queue | Villager (Male) |
| 6:53 | Queue | Villager (Male) |
| 7:20 | Queue | Villager (Male) |
| 7:35 | Queue | Villager (Male) |
| 7:35 | Queue | Villager (Male) |
| 7:36 | Queue | Villager (Male) |
| 7:50 | Queue | Villager (Male) |
| 7:50 | Queue | Villager (Male) |
| 7:53 | Build | House |
| 8:05 | Queue | Villager (Male) |
| 8:06 | Queue | Villager (Male) |
| 8:46 | Build | Mill |
| 8:50 | Queue | Villager (Male) |
| 8:50 | Queue | Villager (Male) |
| 9:17 | Build | House |
| 9:18 | Build | House |
| 9:21 | Queue | Villager (Male) |
| 9:22 | Queue | Villager (Male) |
| 9:34 | Queue | Villager (Male) |
| 9:40 | Queue | Villager (Male) |
| 9:40 | Queue | Villager (Male) |
| 10:08 | Queue | Villager (Male) |
| 10:08 | Queue | Villager (Male) |
| 10:31 | Queue | Villager (Male) |
| 10:32 | Queue | Villager (Male) |
| 10:47 | Queue | Villager (Male) |
| 10:47 | Queue | Villager (Male) |
| 11:06 | Queue | Villager (Male) |
| 11:06 | Queue | Villager (Male) |
| 11:40 | Research | Feudal Age |
| 11:40 | Research | Feudal Age |
| 11:40 | Research | Feudal Age |
| 12:03 | Queue | Villager (Male) |
| 12:03 | Queue | Villager (Male) |
| 12:03 | Queue | Villager (Male) |
| 12:14 | Build | Mill |
| 12:35 | Build | Barracks |
| 12:49 | Build | Mill |
| 13:50 | Age | Feudal Age |
| 13:54 | Queue | Villager (Male) |
| 14:03 | Build | Stable |
| 14:14 | Build | Blacksmith |
| 14:22 | Queue | Villager (Male) |
| 14:26 | Queue | Villager (Male) |
| 14:45 | Queue | Villager (Male) |
| 14:50 | Research | Forging |
| 14:50 | Queue | Scout Cavalry |
| 14:51 | Queue | Scout Cavalry |
| 14:51 | Queue | Scout Cavalry |
| 14:51 | Queue | Scout Cavalry |
| 15:04 | Queue | Scout Cavalry |
| 15:04 | Queue | Scout Cavalry |
| 15:15 | Queue | Spearman |
| 15:16 | Queue | Spearman |
| 15:22 | Build | House |
| 15:23 | Build | House |
| 15:24 | Build | House |
| 15:30 | Queue | Villager (Male) |
| 15:40 | Queue | Spearman |
| 15:40 | Queue | Spearman |
| 15:42 | Queue | Villager (Male) |
| 15:42 | Queue | Villager (Male) |
| 15:51 | Build | House |
| 15:53 | Build | House |
| 16:05 | Queue | Villager (Male) |
| 16:06 | Queue | Villager (Male) |
| 16:40 | Queue | Villager (Male) |
| 16:52 | Queue | Scout Cavalry |
| 16:53 | Queue | Scout Cavalry |
| 16:59 | Queue | Villager (Male) |
| 16:59 | Queue | Villager (Male) |
| 17:06 | Queue | Villager (Male) |
| 17:06 | Queue | Villager (Male) |
| 17:16 | Queue | Villager (Male) |
| 17:24 | Research | Tech 1014 |
| 17:43 | Queue | Scout Cavalry |
| 17:44 | Queue | Scout Cavalry |
| 18:01 | Queue | Villager (Male) |
| 18:02 | Queue | Villager (Male) |
| 18:25 | Queue | Scout Cavalry |
| 18:25 | Queue | Scout Cavalry |
| 18:46 | Queue | Scout Cavalry |
| 18:46 | Queue | Scout Cavalry |
| 18:47 | Queue | Villager (Male) |
| 19:03 | Queue | Villager (Male) |
| 19:03 | Queue | Villager (Male) |
| 19:08 | Queue | Villager (Male) |
| 19:22 | Queue | Scout Cavalry |
| 19:29 | Build | Pasture |
| 19:30 | Build | Pasture |
| 19:30 | Build | Pasture |
| 19:31 | Build | Pasture |
| 19:31 | Build | Pasture |
| 19:31 | Build | Pasture |
| 19:31 | Build | Pasture |
| 19:31 | Build | Pasture |
| 19:38 | Build | Mining Camp |
| 19:53 | Queue | Scout Cavalry |
| 20:01 | Build | Pasture |
| 20:04 | Build | Pasture |
| 20:06 | Build | Pasture |
| 20:06 | Build | Pasture |
| 20:06 | Build | Pasture |
| 20:06 | Build | Pasture |
| 20:17 | Queue | Villager (Male) |
| 20:35 | Queue | Villager (Male) |
| 20:43 | Build | Pasture |
| 21:56 | Queue | Scout Cavalry |
| 22:15 | Queue | Villager (Male) |
| 22:30 | Build | Market |
| 22:34 | Research | Castle Age |
| 22:40 | Research | Double-Bit Axe |
| 22:46 | Queue | Scout Cavalry |
| 22:46 | Queue | Scout Cavalry |
| 23:22 | Queue | Scout Cavalry |
| 23:24 | Queue | Scout Cavalry |
| 24:32 | Build | Archery Range |
| 24:33 | Build | Archery Range |
| 24:52 | Queue | Scout Cavalry |
| 24:52 | Queue | Scout Cavalry |
| 25:20 | Age | Castle Age |
| 25:23 | Research | Elite Skirmisher (upgrade) |
| 25:25 | Research | Padded Archer Armor |
| 25:36 | Build | Town Center |
Match timeline
| 5:59 | 冬至 · wall_segment Palisade Wall x1 |
| 8:43 | 冬至 · wall_segment Palisade Wall x1 |
| 8:44 | 冬至 · wall_segment Palisade Wall x1 |
| 8:45 | 冬至 · wall_segment Palisade Wall x1 |
| 8:46 | 冬至 · wall_segment Palisade Wall x1 |
| 9:45 | [GDL] RagnarokCo · wall_segment Palisade Wall x1 |
| 10:06 | Dadagama · first_building Barracks |
| 10:09 | 冬至 · first_building Barracks |
| 10:51 | Dadagama · wall_segment Palisade Wall x4 |
| 10:54 | 中国移动 · first_building Barracks |
| 10:55 | 介之谜 · first_building Barracks |
| 10:57 | Dadagama · wall_segment Palisade Wall x4 |
| 11:12 | 冬至 · age_up feudal |
| 11:13 | Dadagama · wall_segment Palisade Wall x1 |
| 11:14 | Dadagama · wall_segment Palisade Wall x1 |
| 11:14 | 冬至 · first_building Stable |
| 11:29 | Dadagama · age_up feudal |
| 11:30 | Dadagama · first_building Stable |
| 12:01 | 冬至 · wall_segment Palisade Wall x1 |
| 12:03 | 冬至 · wall_segment Palisade Wall x1 |
| 12:15 | LDX.Heisi · first_building Barracks |
| 12:20 | [GDL] RagnarokCo · first_building Barracks |
| 12:21 | 介之谜 · wall_segment Palisade Wall x4 |
| 12:22 | 冬至 · wall_segment Palisade Wall x5 |
| 12:23 | 中国移动 · age_up feudal |
| 12:24 | 冬至 · wall_segment Palisade Wall x1 |
| 12:24 | 中国移动 · first_building Archery Range |
| 12:25 | 介之谜 · wall_segment Palisade Wall x1 |
| 12:35 | Codiman · first_building Barracks |
| 12:52 | 介之谜 · age_up feudal |
| 13:03 | LDX.Heisi · age_up feudal |
| 13:03 | [GDL] RagnarokCo · wall_segment Palisade Wall x4 |
| 13:06 | [GDL] RagnarokCo · wall_segment Palisade Wall x7 |
| 13:07 | 介之谜 · wall_segment Palisade Wall x3 |
| 13:09 | 冬至 · wall_segment Palisade Wall x7 |
| 13:13 | 中国移动 · wall_segment Palisade Wall x1 |
| 13:13 | 中国移动 · wall_segment Palisade Wall x1 |
| 13:14 | 中国移动 · wall_segment Palisade Wall x1 |
| 13:20 | LDX.Heisi · first_building Archery Range |
| 13:50 | Codiman · age_up feudal |
| 13:56 | [GDL] RagnarokCo · age_up feudal |
| 14:03 | Codiman · first_building Stable |
| 14:06 | [GDL] RagnarokCo · first_building Stable |
| 14:33 | Falso Caballero · wall_segment Palisade Wall x1 |
| 14:39 | Falso Caballero · wall_segment Palisade Wall x1 |
| 14:42 | Falso Caballero · wall_segment Palisade Wall x1 |
| 14:44 | Falso Caballero · age_up feudal |
| 14:45 | Falso Caballero · wall_segment Palisade Wall x1 |
| 14:46 | Falso Caballero · wall_segment Palisade Wall x1 |
| 14:54 | Falso Caballero · wall_segment Palisade Wall x1 |
| 15:01 | [GDL] RagnarokCo · wall_segment Palisade Wall x2 |
| 15:37 | Falso Caballero · wall_segment Palisade Wall x1 |
| 15:39 | Falso Caballero · wall_segment Palisade Wall x1 |
| 15:40 | Falso Caballero · wall_segment Palisade Wall x1 |
| 15:43 | Falso Caballero · wall_segment Palisade Wall x1 |
| 15:44 | Falso Caballero · wall_segment Palisade Wall x1 |
| 15:45 | Falso Caballero · wall_segment Palisade Wall x1 |
| 16:31 | [GDL] RagnarokCo · wall_segment Palisade Wall x1 |
| 17:01 | [GDL] RagnarokCo · wall_segment Palisade Wall x7 |
| 17:44 | LDX.Heisi · age_up castle |
| 18:03 | Falso Caballero · first_market_sell 100 wood |
| 18:07 | 介之谜 · first_building Stable |
| 18:16 | [GDL] RagnarokCo · wall_segment Palisade Wall x5 |
| 21:06 | Falso Caballero · age_up castle |
| 21:08 | LDX.Heisi · wall_segment Palisade Wall x6 |
| 21:22 | [GDL] RagnarokCo · wall_segment Palisade Wall x7 |
| 21:41 | 介之谜 · wall_segment Palisade Wall x3 |
| 21:42 | 介之谜 · wall_segment Palisade Wall x3 |
| 21:44 | 冬至 · age_up castle |
| 21:50 | 介之谜 · age_up castle |
| 21:54 | Falso Caballero · wall_segment Palisade Wall x1 |
| 21:56 | Falso Caballero · wall_segment Palisade Wall x1 |
| 21:57 | Falso Caballero · wall_segment Palisade Wall x1 |
| 21:59 | Falso Caballero · wall_segment Palisade Wall x1 |
| 22:10 | LDX.Heisi · first_building Castle |
| 22:11 | 冬至 · first_building Monastery |
| 22:51 | [GDL] RagnarokCo · wall_segment Palisade Wall x11 |
| 24:32 | Codiman · first_building Archery Range |
| 25:14 | 介之谜 · first_building Krepost |
| 25:20 | Codiman · age_up castle |
| 25:51 | 中国移动 · age_up castle |
| 26:06 | Dadagama · age_up castle |
| 26:15 | 介之谜 · first_market_buy 100 food |
| 26:27 | [GDL] RagnarokCo · wall_segment Palisade Wall x7 |
| 26:27 | Dadagama · wall_segment Palisade Wall x1 |
| 26:40 | [GDL] RagnarokCo · wall_segment Palisade Wall x1 |
| 26:43 | 介之谜 · first_building Siege Workshop |
| 27:14 | [GDL] RagnarokCo · first_building Archery Range |
| 28:34 | [GDL] RagnarokCo · age_up castle |
| 30:02 | 中国移动 · first_building Castle |
| 31:25 | Falso Caballero · resign |
[ AI ANALYSIS · 1 CREDIT ]
What really happened in this match?
Wolo.gg analyzes every decision: build order, eco, micro, common mistakes by bracket. Personalized analysis on WhatsApp or Discord in 30 seconds.
Civ guide
Georgians
Perfil
Jugador #6171446